 Dungeon Crawl Stone Soup version 0.31.0-1-g2c135a0 (webtiles) character file.

Game seed: 6139074039310677074

401 GeorgeSoros the Ruffian (level 6, -2/66 HPs)
             Began as an Octopode Shapeshifter on Feb 18, 2024.
             Slain by an orc
             ... wielding a +0 flail
              (7 damage)
             ... on level 5 of the Dungeon.
             The game lasted 00:17:51 (4415 turns).

GeorgeSoros the Ruffian (Octopode Shapeshifter)     Turns: 4415, Time: 00:17:52

Health: -2/66      AC: 23    Str: 13    XL:     6   Next: 85%
Magic:  0/6        EV:  2    Int: 15    God:
Gold:   277        SH:  0    Dex: 11    Spells: 5/5 levels left

rFire   + .          .
                       - Unarmed
rCold   . . .        (no shield)
rNeg    . . .        (helmet currently unavailable)
rPois   +            h - amulet of guardian spirit
rElec   .            l - ring of protection from fire
rCorr   .            k - ring of see invisible
SInv    +            (no ring)
Will    .....        (no ring)
Stlth   ++           (no ring)
HPRegen 0.31/turn    (no ring)
MPRegen 0.10/turn    (no ring)
                     (no ring)

%: guardian spirit
@: tree-form
A: stationary, stasis, torment immunity, boosted hp, almost no armour,
(amphibious), 8 rings, (camouflage 1), (gelatinous body 1), (nimble swimmer 1),
(tentacles)
a: no special abilities


You were on level 5 of the Dungeon.
You were a tree.
You visited 1 branch of the dungeon, and saw 7 of its levels.

You collected 277 gold pieces.

Inventory:

Hand Weapons
 d - a +0 sling
 f - a +0 dagger of electrocution
 g - the +9 great sword of Ethereal Absolution {elec, rF++ Will- Str+5}
   (You found it on level 5 of the Dungeon)

   Str+5:     It affects your strength (+5).
   rF++:      It greatly protects you from fire.
   Will-:     It decreases your willpower.
Jewellery
 h - an amulet of guardian spirit (around neck)
 k - a ring of see invisible (right branch)
 l - a ring of protection from fire (left branch)
Talismans
 b - a beast talisman (active)
 c - a flux talisman
Scrolls
 e - 3 scrolls of identify
 i - a scroll of immolation
 j - a scroll of fog
 m - a scroll of poison
 n - a scroll of blinking {unknown}
Potions
 a - a potion of lignification


   Skills:
 + Level 4.3 Fighting
 - Level 2.0 Dodging
 - Level 4.0 Stealth
 + Level 5.2 Unarmed Combat
 - Level 3.0 Shapeshifting


You had 5 spell levels left.
You didn't know any spells.
Your spell library contained the following spells:

 Spells                   Type           Power      Damage    Failure   Level
 Apportation              Tloc           0%         N/A       26%         1
 Magic Dart               Conj           0%         1d3       26%         1
 Sandblast                Erth           0%         2d4       26%         1
 Call Imp                 Summ           0%         N/A       38%         2
 Jinxbite                 Hex            0%         N/A       38%         2
 Mercury Vapours          Alch/Air       0%         N/A       38%         2
 Searing Ray              Conj           0%         2d4       38%         2
 Sublimation of Blood     Necr           0%         N/A       38%         2
 Mephitic Cloud           Conj/Alch/Air  0%         N/A       63%         3
 Passwall                 Erth           0%         N/A       63%         3
 Stone Arrow              Conj/Erth      0%         3d7       63%         3
 Brom's Barrelling Bould  Conj/Erth      0%         2d3       95%         4
 Fulminant Prism          Conj/Alch      0%         3d5       95%         4
 Alistair's Intoxication  Alch           0%         N/A       100%        5
 Freezing Cloud           Conj/Ice/Air   0%         6-21      100%        5
 Summon Hydra             Summ           0%         N/A       100%        7


Dungeon Overview and Level Annotations

Branches:
Dungeon (7/15)
 Temple: D:4-7

Altars:
Fedhas
Kikubaaqudgha
Qazlal
Sif Muna

Shops:
D:1 [   D:2 !   D:4 =


Innate Abilities, Weirdness & Mutations

You are a tree.
Your roots penetrate the ground, keeping you stationary.
You cannot be teleported.
You are immune to unholy pain and torment.
Your maximum health is greatly increased.
You cannot wear most types of armour.
((You are amphibious.))
You can wear up to eight rings at the same time.
((Your skin changes colour to match your surroundings (Stealth+).))
((Your rubbery body absorbs attacks. (AC +1, EV +1)))
((You are camouflaged when in or above water. (Stealth+)))
((You have tentacles for arms and can constrict up to eight enemies at once.))


Message History

You hit the orc priest but do no damage.
Your grab misses the orc priest. You squeeze the orc priest.
The orc priest is moderately wounded.
The orc misses you. The orc hits you with a +0 flail!
The orc priest hits you with a +0 whip.
You barely miss the orc priest. You grab the orc priest.
The orc priest is moderately wounded.
You constrict the orc priest, but do no damage.
The orc hits you with a +0 flail!
* * * LOW HITPOINT WARNING * * *
The orc priest hits you with a +0 whip.
* * * LOW HITPOINT WARNING * * *
Okay, then.
Your transformation has ended.
You turn into a tree.
Your roots penetrate the ground.
You lose your grip on the orc priest.
The scorpion stings you but does no damage.
The orc barely misses you. The orc hits you but does no damage.
The orc priest completely misses you.
Your +0 dagger of electrocution stops crackling.
You are now empty-handed.
The scorpion stings you but does no damage.
The orc completely misses you. The orc hits you but does no damage.
You hit the orc priest. Your punch misses the orc priest.
The orc priest is heavily wounded.
The scorpion stings you but does no damage.
The orc priest completely misses you. The orc hits you but does no damage. x2
You hit the orc priest.
The orc priest is severely wounded.
The scorpion stings you but does no damage.
The orc priest hits you but does no damage.
The orc hits you with a +0 mace.
* * * LOW HITPOINT WARNING * * *
The orc hits you but does no damage.
You hit the orc priest.
You kill the orc priest!
The scorpion stings you.
* * * LOW HITPOINT WARNING * * *
The orc hits you but does no damage. The orc hits you with a +0 flail!
You die...

#..........###### .
#................ ..
#####..........# ...## ###
......##.......# ......# #.. ..#.
#.........######.... #..##..
....##.#.......#.......# #..#..
...............Yo.....# #....
.........#######so....# ####..
.........### #.)♣o....# #...<.
....>..........#........####.##..
...#.........##..........#.. ###
.. #.#....#................ .
....#...)######.##..#.#
....###>..# .......# ..#.##
....#.. ###....### ..#.. #.....#
#........# #.#.)
###......###.#.#.##.#


You could see an ice beast, a scorpion and 3 orcs.

Vanquished Creatures
  A phantom (D:4)
  A bombardier beetle (D:3)
  An orc priest (D:5)
  A hound (D:6)
  A sleepcap (D:4)
  3 iguanas
  5 adders
  2 ufetubi (D:4)
  3 ribbon worms
  2 dart slugs
  7 orcs
  2 bats (D:1)
  11 endoplasms
  6 giant cockroaches
  6 goblins
  6 hobgoblins
  3 jackals
  A quokka (D:3)
  6 ball pythons
  8 frilled lizards
  11 kobolds
  7 rats
94 creatures vanquished.

Notes
Turn   | Place    | Note
-------+----------+-------------------------------------------
     0 | D:1      | GeorgeSoros the Octopode Shapeshifter began the quest for
                  | the Orb.
     0 | D:1      | Reached XP level 1. HP: 13/13 MP: 1/1
   195 | D:1      | Reached skill level 1 in Stealth
   195 | D:1      | Reached XP level 2. HP: 16/18 MP: 2/2
   641 | D:1      | Found Muonasisiu's Antique Armour Boutique.
   956 | D:2      | Reached XP level 3. HP: 21/24 MP: 3/3
  1447 | D:2      | Found a faded altar of an unknown god.
  1517 | D:2      | Found Tusipn's Distillery.
  2003 | D:3      | Found a stormy altar of Qazlal.
  2007 | D:3      | Reached XP level 4. HP: 26/29 MP: 4/4
  2113 | D:3      | Found a blossoming altar of Fedhas.
  2639 | D:3      | Reached skill level 4 in Unarmed Combat
  2639 | D:3      | Reached XP level 5. HP: 35/35 MP: 5/5
  2859 | D:4      | Found an ancient bone altar of Kikubaaqudgha.
  3225 | D:4      | Found Erhept's Jewellery Shop.
  3519 | D:4      | Noticed a phantom
  3568 | D:4      | Killed a phantom
  3569 | D:4      | Reached XP level 6. HP: 26/43 MP: 1/6
  3852 | D:4      | Found a shimmering blue altar of Sif Muna.
  3931 | D:5      | Entered Level 5 of the Dungeon
  4150 | D:5      | Identified the +9 great sword of Ethereal Absolution {elec,
                  | rF++ Will- Str+5}
  4158 | D:5      | Reached skill level 5 in Unarmed Combat
  4208 | D:5      | You fall into a shaft and drop 2 floors!
  4233 | D:6      | Noticed a black bear
  4391 | D:5      | Noticed an ice beast
  4415 | D:5      | Slain by an orc

Illustrated notes

Levels and vault maps discovered:
D:1:      minmay_arrival_hallway, layout_basic, serial_shops, shop
D:2:      layout_loops_corners, serial_shops, nicolae_shop_advertising_works
          [nicolae_subvault_shop_adworks], ebering_ecumenical_altar_abandoned,
          minmay_quadrilaterals
D:3:      minmay_bubble_buster, layout_loops_ring,
          grunt_temple_overflow_forces_of_nature, minivault_14
D:4:      layout_loops_corners, hellmonk_sif_muna_bookshelves,
          kiku_gazebo_garden_becter, serial_shops,
          nicolae_shop_getting_attention
D:5:      layout_rooms
D:6:      layout_layer_cave, ebering_ghost_sewer_d, minmay_joined_circles
D:7:      layout_loops_ring, tso_metal_star, makhleb_blood_cavern_becter,
          minmay_temple_entry_stoned_glass

Skill      XL: |  1  2  3  4  5  6 |
---------------+-------------------+-----
Stealth        | 1 2 3 4 |  4.0
Fighting       | 2 3 4 |  4.3
Unarmed Combat | 4 5 |  5.2
Dodging        | |  2.0
Shapeshifting  | |  3.0

Action                     |  1- 3 |  4- 6 || total
---------------------------+-------+-------++-------
  Melee: Unarmed           |    14 |     3 ||    17
         Constrict         |    17 |    34 ||    51
         Tentacles         |    15 |    32 ||    47
         Punch             |     3 |     1 ||     4
         Dagger            |    52 |   152 ||   204
    Use: Scroll            |     5 |    10 ||    15
         Potion            |       |     4 ||     4
   Stab: Sleeping          |    15 |    13 ||    28
         Distracted        |     1 |       ||     1
 Armour: Skin              |    11 |    93 ||   104
  Dodge: Dodged            |    26 |    97 ||   123
   Form: Beast             |       |     1 ||     1
